 Dungeon Sprint DCSS version 0.17-a0-1337-ge651487 (webtiles) character file.

22626 Kidiri the Unseen (level 12, -16/51 HPs)
             Began as a Spriggan Enchanter on June 10, 2015.
             Was the Champion of Dithmenos.
             Engulfed by a cloud of freezing vapour (28 damage)
             ... in the Dungeon (Sprint I: "Red Sonja").
             The game lasted 00:38:13 (5097 turns).

Kidiri the Unseen (Spriggan Enchanter)              Turns: 5097, Time: 00:38:13

Health: -16/51     AC:  7    Str:  2    XL:     12   Next: 64%
Magic:  33/33      EV: 31    Int: 19    God:    Dithmenos [******]
Gold:   1773       SH:  0    Dex: 19    Spells: 11 memorised, 14 levels left

rFire  + . .     SeeInvis +     w - +3 dagger (drain)
rCold  x . .     Clarity  .     k - +2 robe {MR+}
rNeg   + . .     SustAt   .     (shield restricted)
rPois  .         Gourm    .     (helmet restricted)
rElec  .         Spirit   .     y - +2 cloak
rCorr  .         Warding  .     (gloves unavailable)
rMut   +         NoTele   +     (boots unavailable)
MR     +++..                    v - amulet of resist mutation
Stlth  ++++++++++               (no ring)
                                d - ring "Uwail" {rF+ rC- rN+ Dex+2 SInv}

@: wreathed by umbra, very quick, extremely resistant to hostile enchantments,
uncannily stealthy
A: unfitting armour, see invisible, clumsy 1, herbivore 3, speed 3, slow
metabolism 2, weak 1
a: Shadow Step, Shadow Form, Renounce Religion


You were in the Dungeon.
You worshipped Dithmenos.
Dithmenos was exalted by your worship.
You were not hungry.

You visited 1 branch You collected 4614 gold pieces.
You spent 2841 gold pieces at shops.

Inventory:

Hand weapons
 a - a +2 dagger
 m - a +0 blowgun
 n - a +0 short sword of distortion
 t - a +0 shortbow
 w - a +3 dagger of draining (weapon)
Missiles
 o - 5 curare-tipped needles
 u - 19 arrows
 E - a throwing net (quivered)
Armour
 k - a +2 robe of magic resistance (worn)
 r - a +2 robe of positive energy
 s - a troll hide
 y - a +2 cloak (worn)
 A - the +3 swamp dragon armour of Deset {+Inv rPois Dex+2}
   (You bought it in a shop in the Dungeon)

   It affects your dexterity (+2).
   It protects you from poison.
   It lets you turn invisible.
 B - a gold dragon hide
Jewellery
 d - the ring "Uwail" (left hand) {rF+ rC- rN+ Dex+2 SInv}
   (You bought it in a shop in the Dungeon)

   [ring of dexterity]

   It affects your dexterity (+2).
   It protects you from fire.
   It makes you vulnerable to cold.
   It protects you from negative energy.
   It lets you see invisible.
 v - an amulet of resist mutation (around neck)
Magical devices
 p - a wand of cold (10)
 C - a wand of slowing (23)
Scrolls
 b - a scroll of immolation {unknown}
 f - a scroll of magic mapping
 j - a scroll of blinking
 q - a scroll of remove curse {unknown}
Potions
 e - 2 potions of curing
 g - a potion of haste
 h - 2 potions of magic
 i - a potion of flight
 l - 2 potions of agility
Books
 c - a book of Maledictions

   Spells                             Type                      Level
   a - Corona                         Hexes                        1
   b - Ensorcelled Hibernation        Hexes/Ice                    2
   c - Confuse                        Hexes                        3
   d - Tukima's Dance                 Hexes                        3
   e - Dazzling Spray                 Conjuration/Hexes            3
 x - a book of Geomancy

   Spells                             Type                      Level
   a - Sandblast                      Earth                        1
   b - Stoneskin                      Transmutation/Earth          2
   c - Passwall                       Transmutation/Earth          3
   d - Stone Arrow                    Conjuration/Earth            3
   e - Petrify                        Transmutation/Earth          4
   f - Lee's Rapid Deconstruction     Earth                        5
 z - a book of Transfigurations

   Spells                             Type                      Level
   a - Stoneskin                      Transmutation/Earth          2
   b - Irradiate                      Conjuration/Transmutation    5
   c - Statue Form                    Transmutation/Earth          6
   d - Hydra Form                     Transmutation                6
   e - Dragon Form                    Transmutation                7
Miscellaneous
 F - a crystal ball of energy
Comestibles
 D - a bread ration


   Skills:
 + Level 11.2 Short Blades
 * Level 6.8 Armour
 + Level 14.3 Dodging
 * Level 20.8 Stealth
 * Level 16.6 Spellcasting
 + Level 7.2 Conjurations
 + Level 12.5 Hexes
 + Level 8.0 Transmutations
 + Level 8.5 Ice Magic
 + Level 5.5 Earth Magic
 + Level 8.9 Invocations


You had 14 spell levels left.
You knew the following spells:

 Your Spells              Type           Power        Failure   Level  Hunger
a - Corona                Hex            ######.      1%          1    None
b - Ensorcelled Hibernat  Hex/Ice        ######       1%          2    None
c - Confuse               Hex            ######..     1%          3    None
d - Tukima's Dance        Hex            ######..     1%          3    None
e - Dazzling Spray        Conj/Hex       ######..     1%          3    None
f - Passwall              Trmt/Erth      #####.....   1%          3    None
g - Petrify               Trmt/Erth      #####...     2%          4    None
h - Lee's Rapid Deconstr  Erth           #####.....   12%         5    ###....
i - Stoneskin             Trmt/Erth      #####...     1%          2    None
j - Stone Arrow           Conj/Erth      #####.       1%          3    None
k - Sandblast             Erth           #####.       1%          1    None


Dungeon Overview and Level Annotations

Branches:
Dungeon (1/1)

Altars:
Cheibriados
Dithmenos
Elyvilon
Fedhas
Gozag
Kikubaaqudgha
Makhleb
Nemelex Xobeh
Okawaru
Qazlal
Ru
Sif Muna
Trog
Vehumet
Xom
Yredelemnul
Zin
The Shining One
Jiyva

Shops:
D [[[*?[=(*:*[}?[[(**[!%

Annotations:
D exclusion: oklob plant, Lom Lobon, Norris


Innate Abilities, Weirdness & Mutations

You are tiny and cannot use many weapons and most armour.
You have supernaturally acute eyesight.
You are a herbivore.
You cover ground extremely quickly.
You need consume almost no food.
You are clumsy. (Dex -2)
You are weak. (Str -2)


Message History

Found 108 gold pieces.
Found 135 gold pieces.
Found 54 gold pieces.
There is an open door here.
You close the door.
Found 27 gold pieces.
You are engulfed in freezing vapours.
You emit a cloud of dark smoke.
You see here 27 gold pieces.
Really walk into that cloud of noxious fumes?
Okay, then.
You now have 1773 gold pieces (gained 27).
You are engulfed in freezing vapours.
Ouch! That really hurt!
* * * LOW HITPOINT WARNING * * *
You emit a cloud of dark smoke.
Unknown command.
Drink which item? (? for menu, Esc to quit)
You feel better.
You are engulfed in freezing vapours.
Ouch! That really hurt!
You die...

.#..≈##§§...§§§##,,*
##..≈#§§§§§§§§§.#,,*
P≈..##.§§....§§.##,#
M≈..#..§§.§§..§..#(#
##..#.....)§.....#$#
.+..##.......^..##$#
§##+##..........#§§#
§#≈≈≈##........##§§#
§#≈≈≈≈##[[(...##@§§#
§#≈≈≈≈≈########§§§§#
###≈≈≈≈#≈≈≈≈≈#§§§§$#
).#+≈≈≈'≈≈.≈≈+§§§.$#
...##≈≈#≈≈≈≈≈#≈≈≈..#
....######'#####≈≈≈#
....#≈≈≈≈≈≈≈≈≈≈##≈≈#
######≈≈≈≈≈≈≈≈≈≈≈≈≈#
||#..'...≈≈≈≈≈≈≈#≈≈#


There were no monsters in sight!

Vanquished Creatures
  A golden dragon (D)
  A shadow dragon (D)
  A deep elf annihilator (D)
  A lorocyproca (D)
  2 centaur warriors (D)
  A hydra (D)
  Sonja (D)
  7 unseen horrors (D)
  A deep troll (D)
  A lindwurm (D)
  An oklob plant (D)
  8 shining eyes (D)
  A siren (D)
  A gargoyle (D)
  2 kobold demonologists (D)
  4 demonic crawlers (D)
  A hellwing (D)
  A slime creature (D)
  Sigmund (D)
  4 trapdoor spiders (D)
  A yak (D)
  13 hogs (D)
  An ogre (D)
  7 necrophages (D)
  A wasp (D)
  Ijyb (D)
  8 jellies (D)
  7 giant eyeballs (D)
  A giant spore (D)
  3 ballistomycetes (D)
84 creatures vanquished.

Vanquished Creatures (others)
  the Lernaean hydra (D)
  A deep elf master archer (D)
  A gargoyle (D)
  A siren (D)
  4 wasps (D)
  A giant spore (D)
9 creatures vanquished.

Grand Total: 93 creatures vanquished

Notes
Turn   | Place    | Note
--------------------------------------------------------------
     0 | D        | Kidiri the Spriggan Enchanter began the quest for the Orb.
     0 | D        | Reached XP level 1. HP: 9/9 MP: 5/5
     2 | D        | Noticed Ijyb
    13 | D        | Killed Ijyb
    13 | D        | Reached skill level 6 in Stealth
    13 | D        | Reached XP level 2. HP: 13/13 MP: 4/8
    23 | D        | Learned a level 2 spell: Ensorcelled Hibernation
    44 | D        | Noticed an ogre
    67 | D        | Killed an ogre
    67 | D        | Reached skill level 5 in Dodging
    67 | D        | Reached skill level 8 in Stealth
    67 | D        | Reached skill level 5 in Hexes
    67 | D        | Reached skill level 1 in Ice Magic
    67 | D        | Reached XP level 3. HP: 16/16 MP: 8/11
    67 | D        | Reached XP level 4. HP: 21/21 MP: 9/13
   101 | D        | Noticed Sigmund
   104 | D        | Killed Sigmund
   104 | D        | Reached skill level 10 in Stealth
   104 | D        | Reached XP level 5. HP: 24/24 MP: 13/16
   104 | D        | Reached XP level 6. HP: 28/28 MP: 14/18
   141 | D        | Found a snail-covered altar of Cheibriados.
   141 | D        | Found a viscous altar of Jiyva.
   141 | D        | Found a shadowy altar of Dithmenos.
   141 | D        | Found a blossoming altar of Fedhas.
   141 | D        | Noticed a slime creature
   147 | D        | Learned a level 3 spell: Confuse
   151 | D        | Learned a level 3 spell: Tukima's Dance
   155 | D        | Learned a level 3 spell: Dazzling Spray
   350 | D        | Killed a slime creature
   350 | D        | Reached skill level 5 in Short Blades
   350 | D        | Reached skill level 12 in Stealth
   350 | D        | Reached skill level 1 in Conjurations
   376 | D        | Became a worshipper of Dithmenos the Shadowed
   439 | D        | Killed a gargoyle
   454 | D        | Found a deep blue altar of Sif Muna.
   455 | D        | Noticed a jelly
   456 | D        | Found a radiant altar of Vehumet.
   460 | D        | Killed a jelly
   492 | D        | Found Tatav's General Store.
   492 | D        | Found a white marble altar of Elyvilon.
   492 | D        | Found a stormy altar of Qazlal.
   492 | D        | Found a burning altar of Makhleb.
   492 | D        | Found a sacrificial altar of Ru.
   492 | D        | Found a basalt altar of Yredelemnul.
   492 | D        | Found a glowing golden altar of the Shining One.
   492 | D        | Found a sparkling altar of Nemelex Xobeh.
   492 | D        | Found a shimmering altar of Xom.
   492 | D        | Found an opulent altar of Gozag.
   492 | D        | Found an ancient bone altar of Kikubaaqudgha.
   492 | D        | Found a glowing silver altar of Zin.
   492 | D        | Noticed a yak
   493 | D        | Found an iron altar of Okawaru.
   494 | D        | Killed a yak
   494 | D        | Reached skill level 1 in Invocations
   494 | D        | Reached XP level 7. HP: 32/32 MP: 21/21
   495 | D        | Found a bloodstained altar of Trog.
   506 | D        | Noticed Sonja
   510 | D        | Killed Sonja
   510 | D        | Reached skill level 13 in Stealth
   510 | D        | Reached skill level 10 in Spellcasting
   510 | D        | Reached XP level 8. HP: 36/36 MP: 21/23
   528 | D        | Found Vajutyts's Armour Boutique.
   536 | D        | Bought a +0 cloak for 58 gold pieces
   536 | D        | Bought a +2 robe of positive energy for 191 gold pieces
   586 | D        | Noticed a deep troll
   594 | D        | Killed a deep troll
   594 | D        | Reached skill level 14 in Stealth
   594 | D        | Reached skill level 5 in Ice Magic
   611 | D        | Found Rezaf's Armour Emporium.
   640 | D        | Noticed a centaur warrior
   640 | D        | Noticed a centaur warrior
   643 | D        | Killed a centaur warrior
   643 | D        | Reached skill level 1 in Armour
   643 | D        | Reached skill level 10 in Dodging
   643 | D        | Reached skill level 15 in Stealth
   643 | D        | Reached XP level 9. HP: 39/39 MP: 24/26
   645 | D        | Killed a centaur warrior
   645 | D        | Acquired Dithmenos's first power
   645 | D        | Reached skill level 5 in Invocations
   656 | D        | Noticed a wasp
   659 | D        | Killed a wasp
   673 | D        | Noticed an oklob plant
   675 | D        | Killed an oklob plant
   675 | D        | Reached skill level 16 in Stealth
   682 | D        | Noticed a trapdoor spider
   682 | D        | Noticed a trapdoor spider
   685 | D        | Noticed a trapdoor spider
   690 | D        | Killed a trapdoor spider
   693 | D        | Killed a trapdoor spider
  1033 | D        | Killed a trapdoor spider
  1033 | D        | Acquired Dithmenos's second power
  1033 | D        | Reached XP level 10. HP: 44/44 MP: 23/28
  1039 | D        | Noticed a trapdoor spider
  1044 | D        | Killed a trapdoor spider
  1044 | D        | Reached skill level 10 in Hexes
  1313 | D        | Noticed a jelly
  1313 | D        | Noticed a jelly
  1322 | D        | Noticed an unseen horror
  1323 | D        | Noticed an unseen horror
  1336 | D        | Killed an unseen horror
  1339 | D        | Killed an unseen horror
  1339 | D        | Reached skill level 17 in Stealth
  1339 | D        | Reached skill level 5 in Conjurations
  1373 | D        | Noticed a jelly
  1373 | D        | Noticed a jelly
  1373 | D        | Noticed a jelly
  1373 | D        | Noticed a jelly
  1373 | D        | Noticed a jelly
  1375 | D        | Killed a jelly
  1375 | D        | Acquired Dithmenos's third power
  1376 | D        | Killed a jelly
  1379 | D        | Noticed a necrophage
  1379 | D        | Noticed a necrophage
  1387 | D        | Killed a jelly
  1388 | D        | Killed a jelly
  1394 | D        | Killed a necrophage
  1399 | D        | Killed a jelly
  1400 | D        | Noticed a necrophage
  1400 | D        | Noticed a necrophage
  1400 | D        | Noticed a necrophage
  1401 | D        | Killed a jelly
  1401 | D        | Acquired Dithmenos's fourth power
  1420 | D        | Killed a necrophage
  1423 | D        | Killed a necrophage
  1429 | D        | Killed a necrophage
  1431 | D        | Killed a jelly
  1512 | D        | Noticed a necrophage
  1512 | D        | Noticed a necrophage
  1516 | D        | Killed a necrophage
  1518 | D        | Killed a necrophage
  1520 | D        | Killed a necrophage
  1548 | D        | Found Fuosiusy's Weapon Shoppe.
  1548 | D        | Found Firukoe Wici's Jewellery Shop.
  1548 | D        | Found Gedaatui's General Store.
  1550 | D        | Found Hixtod's Book Emporium.
  1550 | D        | Found Gola's General Store.
  1550 | D        | Found Qaloasul's Antique Armour Shoppe.
  1550 | D        | Found Kiatuamm's Gadget Boutique.
  1550 | D        | Found Caffaw's Magic Scroll Emporium.
  1550 | D        | Found Vumargh's Armour Shop.
  1550 | D        | Found Mazxof's Armour Shoppe.
  1552 | D        | Bought an uncursed amulet of resist mutation for 400 gold pieces
  1553 | D        | Bought a +3 dagger of draining for 206 gold pieces
  1554 | D        | Found Ufesen's Weapon Boutique.
  1555 | D        | Bought a book of Geomancy for 350 gold pieces
  1559 | D        | Learned a level 3 spell: Passwall
  1564 | D        | Learned a level 4 spell: Petrify
  1570 | D        | Learned a level 5 spell: Lee's Rapid Deconstruction
  1573 | D        | Learned a level 2 spell: Stoneskin
  1577 | D        | Learned a level 3 spell: Stone Arrow
  1579 | D        | Learned a level 1 spell: Sandblast
  1579 | D        | Found Ucobir's Assorted Antiques.
  1579 | D        | Found Zocuo's General Store.
  1581 | D        | Found Poykh's Distillery.
  1585 | D        | Bought a +2 cloak for 198 gold pieces
  1714 | D        | Noticed a shining eye
  1714 | D        | Noticed a shining eye
  1714 | D        | Noticed a shining eye
  1714 | D        | Noticed a shining eye
  1714 | D        | Noticed a shining eye
  1714 | D        | Noticed a shining eye
  1715 | D        | Noticed a shining eye
  1715 | D        | Noticed a shining eye
  1716 | D        | Killed a shining eye
  1716 | D        | Reached skill level 1 in Transmutations
  1717 | D        | Killed a shining eye
  1717 | D        | Reached skill level 1 in Earth Magic
  1719 | D        | Gained mutation: You are weak. (Str -2) [a shining eye]
  1725 | D        | Killed a shining eye
  1727 | D        | Killed a shining eye
  1728 | D        | Killed a shining eye
  1728 | D        | Reached XP level 11. HP: 45/45 MP: 21/30
  1731 | D        | Killed a shining eye
  1731 | D        | Reached skill level 18 in Stealth
  1731 | D        | Paralysed by a giant eyeball for 2 turns
  1742 | D        | Paralysed by a giant eyeball for 3 turns
  1750 | D        | Gained mutation: You are clumsy. (Dex -2) [a shining eye]
  1760 | D        | Killed a shining eye
  1775 | D        | Killed a shining eye
  1783 | D        | Found Fophaug's Antique Armour Shoppe.
  1783 | D        | Found Saruxt's Armour Boutique.
  1783 | D        | Found Topasteo's Antique Armour Emporium.
  1784 | D        | Found Ottalo's Magic Scroll Shop.
  1794 | D        | Bought a scroll of magic mapping for 45 gold pieces
  1883 | D        | Noticed a kobold demonologist
  1884 | D        | Noticed a kobold demonologist
  1886 | D        | Killed a kobold demonologist
  1889 | D        | Killed a kobold demonologist
  1898 | D        | Noticed a demonic crawler
  1898 | D        | Noticed a demonic crawler
  1898 | D        | Noticed a demonic crawler
  1898 | D        | Noticed a demonic crawler
  1900 | D        | Killed a demonic crawler
  1901 | D        | Killed a demonic crawler
  1903 | D        | Killed a demonic crawler
  1904 | D        | Killed a demonic crawler
  2030 | D        | Noticed a lindwurm
  2032 | D        | Killed a lindwurm
  2032 | D        | Reached skill level 15 in Spellcasting
  2067 | D        | Noticed a hog
  2067 | D        | Noticed a hog
  2067 | D        | Noticed a hog
  2067 | D        | Noticed a hog
  2067 | D        | Noticed a hog
  2067 | D        | Noticed a hog
  2068 | D        | Noticed a hog
  2068 | D        | Noticed a hog
  2068 | D        | Noticed a hog
  2068 | D        | Noticed a hog
  2068 | D        | Noticed a hog
  2068 | D        | Noticed a hog
  2069 | D        | Killed a hog
  2070 | D        | Killed a hog
  2070 | D        | Reached skill level 10 in Short Blades
  2072 | D        | Noticed a hog
  2072 | D        | Killed a hog
  2073 | D        | Killed a hog
  2075 | D        | Killed a hog
  2075 | D        | Reached skill level 5 in Transmutations
  2077 | D        | Killed a hog
  2077 | D        | Reached skill level 19 in Stealth
  2078 | D        | Killed a hog
  2080 | D        | Killed a hog
  2081 | D        | Killed a hog
  2082 | D        | Killed a hog
  2084 | D        | Killed a hog
  2085 | D        | Killed a hog
  2087 | D        | Killed a hog
  2112 | D        | Noticed a 12-headed hydra
  2114 | D        | Killed a 12-headed hydra
  2114 | D        | Reached skill level 5 in Armour
  2474 | D        | Noticed a lorocyproca
  2475 | D        | Noticed Norris
  2479 | D        | Killed a lorocyproca
  3280 | D        | Bought the ring "Uwail" {rF+ rC- rN+ Dex+2 SInv} for 229 gold pieces
  3558 | D        | Bought the +3 swamp dragon armour of Deset {+Inv rPois Dex+2} for 1164 gold pieces
  3763 | D        | Noticed a shadow dragon
  3763 | D        | Noticed a golden dragon
  3765 | D        | Killed a shadow dragon
  3765 | D        | Reached XP level 12. HP: 49/49 MP: 26/32
  3767 | D        | Killed a golden dragon
  3767 | D        | Reached skill level 20 in Stealth
  3834 | D        | Found Deant's Food Shoppe.
  3887 | D        | Noticed a hellwing
  3887 | D        | Noticed a siren
  3887 | D        | Noticed a deep elf annihilator
  3887 | D        | Noticed an oklob plant
  3887 | D        | Noticed a mummy priest
  3887 | D        | Noticed a siren
  3887 | D        | Noticed a wasp
  3887 | D        | Noticed a wasp
  3887 | D        | Killed a hellwing
  3888 | D        | Killed a deep elf annihilator
  3888 | D        | Reached skill level 5 in Earth Magic
  3892 | D        | Noticed a wasp
  3938 | D        | Killed a wasp
  3960 | D        | Killed a wasp
  4129 | D        | Noticed a daeva
  4134 | D        | Killed a wasp
  4136 | D        | Noticed an unseen horror
  4136 | D        | Noticed an unseen horror
  4136 | D        | Noticed an unseen horror
  4137 | D        | Noticed an unseen horror
  4139 | D        | Killed an unseen horror
  4143 | D        | Killed an unseen horror
  4149 | D        | Noticed an unseen horror
  4154 | D        | Killed a siren
  4161 | D        | Killed a wasp
  4162 | D        | Killed an unseen horror
  4164 | D        | Killed an unseen horror
  4166 | D        | Killed an unseen horror
  4404 | D        | Noticed a gargoyle
  4408 | D        | Killed a gargoyle
  4531 | D        | Killed the 27-headed Lernaean hydra
  4826 | D        | Killed a siren
  4839 | D        | Noticed a deep elf master archer
  4844 | D        | Noticed Lom Lobon
  4890 | D        | Killed a deep elf master archer
  5096 | D        | HP: 2/51 [something (31)]
  5097 | D        | Engulfed by a cloud of freezing vapour

Vault maps used:
D:        dungeon_sprint_1

Action                   |  1- 3 |  4- 6 |  7- 9 | 10-12 || total
-------------------------+-------+-------+-------+-------++-------
Melee: Dagger            |     7 |    14 |    54 |   110 ||   185
 Fire: Shortbow          |       |       |     1 |       ||     1
 Cast: Corona            |     1 |       |       |       ||     1
       Ensorcelled Hiber |       |    10 |     3 |    19 ||    32
       Confuse           |       |     3 |     4 |     9 ||    16
       Dazzling Spray    |       |     2 |       |     1 ||     3
       Passwall          |       |       |       |    19 ||    19
       Lee's Rapid Decon |       |       |       |     3 ||     3
Invok: Shadow Step       |       |       |       |     4 ||     4
  Use: Potion            |     1 |       |       |     3 ||     4
       Scroll            |       |       |     4 |     2 ||     6
 Stab: Sleeping          |     1 |     5 |     6 |    53 ||    65
       Confused          |       |     1 |     3 |     5 ||     9
       Invisible         |       |       |       |     1 ||     1
  Eat: Bread ration      |       |       |       |     1 ||     1
